 Dungeon Crawl Stone Soup version 0.31.0-12-g77e489cdc1 (webtiles) character file.

Game seed: 13914258688053037367

2457 Gadfly the Trooper (level 9, -7/102 HPs)
             Began as an Oni Berserker on Feb 25, 2024.
             Was a Priest of Trog.
             Mangled by a killer bee (8 damage)
             ... on level 6 of the Dungeon.
             The game lasted 00:06:50 (5691 turns).

Gadfly the Trooper (Oni Berserker)                  Turns: 5691, Time: 00:06:51

Health: -7/102     AC:  4    Str: 28    XL:     9   Next: 50%
Magic:  9/9        EV: 10    Int: 11    God:    Trog [***...]
Gold:   376        SH:  0    Dex:  8    Spells: 8/8 levels left

rFire   . . .        a - +0 dire flail
rCold   . . .        (shield currently unavailable)
rNeg    + . .        c - +0 animal skin
rPois   .            (helmet restricted)
rElec   .            i - +0 cloak
rCorr   .            (gloves unavailable)
SInv    .            (boots unavailable)
Will    .....        (no amulet)
Stlth   +            r - ring of positive energy
HPRegen 0.37/turn    (no ring)
MPRegen 0.11/turn

%: no passive effects
@: lethally poisoned (-7 -> -16)
A: large, unfitting armour, horns 1, tough skin 1, double potion healing,
drunken brawling, clever 1, robust 1, strong 1, subdued magic 1
a: Renounce Religion, Berserk, Trog's Hand


You were on level 6 of the Dungeon.
You worshipped Trog.
Trog was most pleased with you.
You visited 1 branch of the dungeon, and saw 7 of its levels.

You collected 376 gold pieces.

Inventory:

Hand Weapons
 a - a +0 dire flail (weapon)
 b - a +2 quarterstaff of chaos
 h - a +3 hand axe of freezing
 s - a +0 flail
Armour
 c - a +0 animal skin (worn)
 i - a +0 cloak (worn)
Jewellery
 r - a ring of positive energy (left hand)
Wands
 e - a wand of iceblast (1)
 k - a wand of flame (14) (quivered)
 u - a wand of light (6)
Scrolls
 m - 3 scrolls of enchant weapon
 n - 2 scrolls of teleportation
 o - a scroll of fear
 v - 2 scrolls of blinking
Potions
 d - a potion of heal wounds
 f - a potion of cancellation
 j - 2 potions of enlightenment
 q - 2 potions of resistance


   Skills:
 + Level 7.5 Fighting
 * Level 7.4 Maces & Flails
 * Level 5.9 Armour
 - Level 2.6 Dodging
 * Level 5.3 Evocations


You had 8 spell levels left.
You didn't know any spells.
Your spell library was empty.

Dungeon Overview and Level Annotations

Branches:
Dungeon (7/15)
 Temple: D:4-7

Altars:
Ashenzari
Cheibriados
Dithmenos
Fedhas
Sif Muna

Shops:
D:2 (   D:4 :


Innate Abilities, Weirdness & Mutations

You are too large for most types of armour.
You have a pair of small horns on your head.
You have tough skin. (AC +1)
You gain doubled healing and magic from potions.
Whenever you drink a healing potion, you attack all around you.
Your mind is acute. (Int +4, Str/Dex -1)
You are robust. (+10% HP)
Your muscles are strong. (Str +4, Int/Dex -1)
Your spells are a little easier to cast, but a little less powerful.


Message History

Unknown command.
You take a swig of the potion and twirl your +0 dire flail.
You barely miss the killer bee. Your headbutt misses the killer bee.
You savour every drop.
You feel better. The killer bee stings you.
* * * LOW HITPOINT WARNING * * *
The killer bee stings you.
* * * LOW HITPOINT WARNING * * *
Unknown command.
The killer bee barely misses you. The killer bee closely misses you.
There is a stone staircase leading up here.
The killer bee stings you.
* * * LOW HITPOINT WARNING * * *
The killer bee barely misses you.
You climb upwards.
There is a stone staircase leading down, spattered with blood here.
You barely miss the killer bee. The killer bee stings you.
* * * LOW HITPOINT WARNING * * *
The killer bee stings you.
* * * LOW HITPOINT WARNING * * *
Unknown command.
You miss the killer bee. The killer bee stings you.
* * * LOW HITPOINT WARNING * * *
The killer bee barely misses you.
You barely miss the killer bee. The killer bee closely misses you.
The killer bee misses you.
You miss the killer bee. The killer bee stings you.
* * * LOW HITPOINT WARNING * * *
You are poisoned.
The killer bee poisons you! The killer bee barely misses you.
You closely miss the killer bee. Your headbutt misses the killer bee.
You feel sick. The killer bee stings you.
* * * LOW HITPOINT WARNING * * *
You are more poisoned.
The killer bee poisons you!
You sock the killer bee!
The killer bee is almost dead.
* * * LOW HITPOINT WARNING * * *
You feel sick. The killer bee stings you!
You die...

.........######...## #.....#
###..##......##.######.....## ###
# ##..##.###)...............# #..
##.##.###.....####.......###..
#....##.......###.#####...#..
###...#)[[....#...## ##......
##.#.#.[)....#.#### #...##..
#####..#...)....##.######.#.##..
##.....####.....@y..#####..#.##..
#..########................#.####
..## #...#...>............#.#
#######..##.......#.....<..#.#
.##......##......##..........#
.##.####.##.#...###..........#
>...###.....########.##.###..####
......)...........#.....# #......
...........######.#....#####.###.


You could see a killer bee.

Vanquished Creatures
  2 wyverns (D:7)
  Eustachio (D:5)
  A basilisk (D:6)
  A steam dragon (D:6)
  A black bear (D:3)
  2 orc warriors (D:5)
  An ogre (D:4)
  A centaur (D:4)
  2 phantoms (D:6)
  3 bullfrogs
  2 scorpions (D:6)
  A wight (D:6)
  A killer bee (D:7)
  A howler monkey (D:5)
  A bombardier beetle (D:5)
  5 hounds
  2 jellies
  2 orc priests
  Crazy Yiuf (D:3)
  4 iguanas
  2 orc wizards
  4 gnolls (D:3)
  9 adders
  A shadow imp (D:6)
  3 white imps (D:6)
  3 dart slugs
  11 orcs
  7 ball pythons
  4 bats
  7 endoplasms
  3 giant cockroaches
  4 goblins
  2 hobgoblins
  6 quokkas
  5 frilled lizards
  3 kobolds
  2 rats
111 creatures vanquished.

Vanquished Creatures (collateral kills)
  An orc priest (D:6)
1 creature vanquished.

Vanquished Creatures (others)
  An adder (D:6)
1 creature vanquished.

Grand Total: 113 creatures vanquished

Notes
Turn   | Place    | Note
-------+----------+-------------------------------------------
     0 | D:1      | Gadfly the Oni Berserker began the quest for the Orb.
     0 | D:1      | Reached XP level 1. HP: 24/24 MP: 1/1
   124 | D:1      | Reached XP level 2. HP: 22/32 MP: 2/2
   613 | D:1      | Reached skill level 1 in Armour
   613 | D:1      | Reached skill level 1 in Evocations
   697 | D:2      | Reached XP level 3. HP: 39/39 MP: 3/3
   891 | D:2      | Found a shimmering blue altar of Sif Muna.
   899 | D:2      | Found Zunyqawn's Antique Weapon Shoppe.
  1112 | D:3      | Found a faded altar of an unknown god.
  1154 | D:3      | Reached ** piety under Trog
  1234 | D:3      | Reached XP level 4. HP: 35/49 MP: 4/4
  1436 | D:3      | Noticed a black bear
  1442 | D:3      | Killed a black bear
  1443 | D:3      | Reached XP level 5. HP: 55/55 MP: 5/5
  1498 | D:3      | Found a runed translucent door.
  1499 | D:3      | Noticed Crazy Yiuf
  1807 | D:3      | Found a snail-covered altar of Cheibriados.
  1906 | D:3      | Killed Crazy Yiuf
  1907 | D:3      | Reached XP level 6. HP: 47/65 MP: 6/6
  2117 | D:3      | Reached skill level 5 in Fighting
  2531 | D:4      | Found Rilioler's Book Shop.
  2641 | D:4      | Reached XP level 7. HP: 41/72 MP: 7/7
  2891 | D:5      | Entered Level 5 of the Dungeon
  2903 | D:5      | Reached skill level 5 in Maces & Flails
  3146 | D:5      | Noticed Eustachio
  3162 | D:5      | Killed Eustachio
  3163 | D:5      | Reached XP level 8. HP: 28/83 MP: 8/8
  3332 | D:5      | Identified the +3 leather armour of Syndicalism {rC+ Int+4
                  | Slay-3 SInv}
  3569 | D:5      | Found a broken altar of Ashenzari.
  3572 | D:5      | Found a shadowy altar of Dithmenos.
  3572 | D:5      | Found a blossoming altar of Fedhas.
  4724 | D:6      | Reached skill level 5 in Armour
  4736 | D:6      | Reached XP level 9. HP: 30/92 MP: 9/9
  5162 | D:6      | Reached *** piety under Trog
  5243 | D:6      | Reached skill level 5 in Evocations
  5387 | D:7      | HP: 1/93 [wyvern (11)]
  5679 | D:7      | Gained mutation: Your mind is acute. (Int +4, Str/Dex -1)
                  | [potion of mutation]
  5679 | D:7      | Gained mutation: Your spells are a little easier to cast,
                  | but a little less powerful. [potion of mutation]
  5679 | D:7      | Gained mutation: Your muscles are strong. (Str +4, Int/Dex
                  | -1) [potion of mutation]
  5679 | D:7      | Gained mutation: You are robust. (+10% HP) [potion of
                  | mutation]
  5690 | D:6      | HP: 3/102 [killer bee (5)]
  5691 | D:6      | HP: 1/102 [poisoned by a killer bee]
  5691 | D:6      | Mangled by a killer bee

Illustrated notes

Levels and vault maps discovered:
D:1:      dreamdust_arrival_beginning_and_end, layout_loops_cross
D:2:      layout_rooms, serial_shops, nicolae_shop_peninsula, basic_altar,
          serial_rivers, chequers_serial_rivers_micro_d,
          chequers_serial_rivers_micro_d, chequers_serial_rivers_marsh,
          chequers_serial_rivers_micro_c
D:3:      layout_loops_cross, mainiacjoe_overflow_alcove_1,
          hellmonk_ecumenical_altar_crossroads, minmay_misc_feat_diagonals,
          uniq_crazy_yiuf_cottage
D:4:      layout_cave_pools, serial_shops, kennysheep_little_box
D:5:      layout_gridville, grunt_temple_overflow_open, uniq_eustachio
D:6:      layout_rooms, grunt_tough_drop
D:7:      layout_basic, minmay_temple_entry_statues_fountains, minmay_circle_x

Skill      XL: |  1  2  3  4  5  6  7  8  9 |
---------------+----------------------------+-----
Armour         | 1 2 3 4 5 |  5.9
Evocations     | 1 2 3 4 5 |  5.3
Maces & Flails | 4 5 6 7 |  7.4
Fighting       | 5 6 7 |  7.5
Dodging        | |  2.6

Action                     |  1- 3 |  4- 6 |  7- 9 || total
---------------------------+-------+-------+-------++-------
  Melee: Mace              |    65 |    29 |       ||    94
         Headbutt          |    10 |     7 |    41 ||    58
         Punch             |       |     1 |       ||     1
         Quarterstaff      |       |    37 |   130 ||   167
         Flail             |       |     2 |       ||     2
         Dire flail        |       |       |    67 ||    67
 Invoke: Berserk           |       |     2 |     2 ||     4
  Evoke: Wand              |       |       |     2 ||     2
    Use: Scroll            |     6 |       |     4 ||    10
         Potion            |     1 |     2 |     7 ||    10
   Stab: Confused          |       |     1 |       ||     1
         Invisible         |       |       |     1 ||     1
 Armour: Animal skin       |    41 |    61 |   225 ||   327
  Dodge: Dodged            |    28 |    42 |   138 ||   208
